 Dungeon Crawl Stone Soup version 0.20.1-1-g8b1a95d (webtiles) character file.

2430 equalderp2856 the Chopper (level 9, 0/66 HPs)
             Began as a Mummy Fighter on Oct 25, 2017.
             Slain by a killer bee (6 damage)
             ... on level 7 of the Dungeon.
             The game lasted 00:15:43 (8817 turns).

equalderp2856 the Chopper (Mummy Fighter)           Turns: 8817, Time: 00:15:44

Health: 0/66       AC:  9    Str: 20    XL:     9   Next: 24%
Magic:  25/25      EV:  8    Int: 13    God:
Gold:   501        SH:  9    Dex: 11    Spells: 17/17 levels left

rFire    x . .     SeeInvis .   y - +1 war axe (chop)
rCold    + . .     Gourm    .   c - +0 shield
rNeg     + + +     Faith    .   b - +0 scale mail
rPois    ∞         Spirit   .   (no helmet)
rElec    .         Reflect  .   (no cloak)
rCorr    .         Harm     .   u - +0 pair of gloves
MR       +....                  g - +0 pair of boots (curse)
Stlth    ..........             k - amulet of rage
Regen    0.3/turn               e - ring of magical power
MPRegen  0.2/turn               l - +3 ring of intelligence

@: no status effects
A: no food or potions, fire vulnerability, cold resistance 1, negative energy
resistance 3, torment resistance, unbreathing
a: no special abilities


You were on level 7 of the Dungeon.
You were not hungry.

You visited 1 branch of the dungeon, and saw 8 of its levels.
You also visited: Sewer and Ossuary.

You collected 501 gold pieces.

Inventory:

Hand Weapons
 a - a +0 war axe
 m - a +5 trident
 y - a +1 war axe of chopping (weapon)
Armour
 b - a +0 scale mail (worn)
 c - a +0 shield (worn)
 g - a cursed +0 pair of boots (worn)
 u - a +0 pair of gloves (worn)
 v - a +0 chain mail
Jewellery
 e - a ring of magical power (left hand)
 k - an amulet of rage (around neck)
 l - a +3 ring of intelligence (right hand)
Wands
 j - a wand of confusion (32/48)
 t - a wand of lightning (11/15)
 x - a wand of flame (13/48)
 z - a wand of acid (9/15)
 B - a wand of digging (10/24)
Scrolls
 d - 4 scrolls of identify
 f - a scroll of blinking
 h - a scroll of amnesia
 i - 2 scrolls of immolation
 n - a scroll of noise
 o - 2 scrolls of enchant weapon
 p - 4 scrolls of teleportation
 q - a scroll of recharging
 r - a scroll of enchant armour
 s - 3 scrolls of remove curse
 w - 3 scrolls of magic mapping
 A - a scroll of fog {unknown}


   Skills:
 + Level 4.5 Fighting
 * Level 7.4(7.5) Axes
 + Level 0.5(4.6) Polearms
 + Level 4.3 Armour
 + Level 2.3 Dodging
 + Level 0.8 Stealth
 + Level 4.2 Shields
 * Level 4.9 Spellcasting


You had 17 spell levels left.
You didn't know any spells.

Dungeon Overview and Level Annotations

Branches:
Dungeon (8/15)             Temple (0/1) D:6
   Lair: D:8-11

Altars:
Ashenzari
Elyvilon
Hepliaklqana
Kikubaaqudgha
Makhleb
Nemelex Xobeh
Sif Muna
Xom
Yredelemnul
The Shining One


Innate Abilities, Weirdness & Mutations

You do not eat or drink.
Your flesh is vulnerable to fire.
You are immune to poison.
Your flesh is cold resistant. (rC+)
You are immune to negative energy. (rN+++)
You are immune to unholy pain and torment.
You can survive without breathing.


Message History

You barely miss the killer bee.
The killer bee is heavily wounded.
The killer bee stings you but does no damage.
The killer bee barely misses you.
You miss the killer bee.
The killer bee is heavily wounded.
You block the killer bee's attack. The killer bee closely misses you. x2
You hit the killer bee.
The killer bee is severely wounded.
The killer bee stings you but does no damage.
The killer bee barely misses you. You block the killer bee's attack.
You hit the killer bee.
The killer bee is severely wounded.
The killer bee stings you.
* * * LOW HITPOINT WARNING * * *
The killer bee barely misses you.
You miss the killer bee.
The killer bee is severely wounded.
The killer bee stings you.
You die...

....####### ##.## #.#........
..........# #..# #.#########
..........#########.###.#########
......................#.#........
...............#####..#.#........
...............#.# #..#.#........
.................# #..#.#........
..........######y# #..#.#........
################@# #..#.#........
########...(.####.#.#........
#####...............#.#.#........
...##...............#...#......†.
...##.......(.......#............
...##...............##..#........
...<#...............###.#........
....................# #...#######
...###'#########'#### #...#


You could see a killer bee.

Vanquished Creatures
  A water moccasin (D:6)
  2 ice beasts
  2 ogres
  2 sky beasts
  A phantom (D:7)
  A centaur (D:5)
  A bullfrog (Sewer)
  4 scorpions
  5 wights (D:7)
  A killer bee (D:7)
  2 crimson imps
  A bullfrog zombie (D:6)
  2 jellies
  3 orc priests
  A bullfrog skeleton (D:4)
  4 hounds
  4 orc wizards
  5 iguanas
  4 worker ants
  Terence (D:2)
  A hound skeleton (D:6)
  2 mummies (Ossuary)
  2 worker ant zombies
  12 adders
  A shadow imp (D:7)
  2 oozes
  An adder zombie (D:5)
  3 worms
  2 dart slugs
  8 leopard geckos
  23 orcs
  7 bats
  13 giant cockroaches
  3 gnoll zombies (Ossuary)
  13 hobgoblins
  20 jackals
  6 kobolds
  4 quokkas
  5 ball pythons
  9 frilled lizards
  5 gnoll skeletons (Ossuary)
  2 goblins
  2 goblin skeletons (Ossuary)
  2 goblin zombies (Ossuary)
  3 hobgoblin skeletons (Ossuary)
  3 hobgoblin zombies (Ossuary)
  3 kobold skeletons (Ossuary)
  A kobold zombie (Ossuary)
  An orc skeleton (Ossuary)
  4 orc zombies (Ossuary)
  2 quokka skeletons (D:4)
  13 rats
  A rat skeleton (Ossuary)
  5 rat zombies (Ossuary)
  A plant (D:2)
232 creatures vanquished.

Vanquished Creatures (others)
  Menkaure (Ossuary)
  A mummy (Ossuary)
  A gnoll zombie (Ossuary)
  A quokka (D:5)
  3 goblin skeletons (Ossuary)
  A hobgoblin skeleton (Ossuary)
  A hobgoblin zombie (Ossuary)
  2 kobold skeletons (Ossuary)
  3 kobold zombies (Ossuary)
  2 orc skeletons (Ossuary)
  2 rat skeletons (Ossuary)
  2 rat zombies (Ossuary)
20 creatures vanquished.

Grand Total: 252 creatures vanquished

Notes
Turn   | Place    | Note
-------+----------+-------------------------------------------
     0 | D:1      | equalderp2856 the Mummy Fighter began the quest for the Orb.
     0 | D:1      | Reached XP level 1. HP: 18/18 MP: 1/1
   110 | D:1      | Reached XP level 2. HP: 21/24 MP: 2/2
   436 | D:1      | Reached skill level 2 in Axes
   571 | D:1      | Reached XP level 3. HP: 23/29 MP: 3/3
  1011 | D:2      | Found an ancient bone altar of Kikubaaqudgha.
  1011 | D:2      | Found a glowing golden altar of the Shining One.
  1011 | D:2      | Found a shimmering altar of Xom.
  1342 | D:2      | Reached XP level 4. HP: 10/35 MP: 4/4
  1578 | D:2      | Noticed Terence
  1608 | D:2      | Killed Terence
  1937 | D:3      | Found a deep blue altar of Sif Muna.
  2017 | D:3      | Reached XP level 5. HP: 29/41 MP: 5/5
  2224 | D:3      | Reached skill level 3 in Axes
  2224 | D:3      | Reached skill level 1 in Dodging
  2550 | D:4      | Found a basalt altar of Yredelemnul.
  2654 | D:4      | Reached XP level 6. HP: 32/48 MP: 6/6
  2884 | D:4      | Reached skill level 1 in Spellcasting
  2904 | D:4      | Found a sparkling altar of Nemelex Xobeh.
  2929 | D:4      | Reached skill level 4 in Axes
  3321 | D:4      | Reached XP level 7. HP: 54/54 MP: 8/8
  3372 | D:5      | Entered Level 5 of the Dungeon
  3372 | D:5      | Found a shattered altar of Ashenzari.
  3430 | D:5      | Found a hazy altar of Hepliaklqana.
  3435 | D:5      | Found a white marble altar of Elyvilon.
  3458 | D:5      | Found a sand-covered staircase.
  3467 | Ossuary  | Entered an ossuary
  3811 | Ossuary  | Killed Menkaure
  4484 | D:5      | Reached skill level 5 in Axes
  4998 | D:4      | Reached XP level 8. HP: 31/60 MP: 11/11
  5423 | D:5      | Found a burning altar of Makhleb.
  5949 | D:6      | Found a glowing drain.
  5953 | Sewer    | Entered a sewer
  6635 | D:6      | Reached skill level 6 in Axes
  7341 | D:6      | Found a staircase to the Ecumenical Temple.
  7992 | D:7      | Reached skill level 7 in Axes
  7992 | D:7      | Reached XP level 9. HP: 47/66 MP: 15/15
  8817 | D:7      | Slain by a killer bee

Skill      XL: |  1  2  3  4  5  6  7  8 |
---------------+-------------------------+-----
Axes           | 2 3 4 5 7 |  7.4
Armour         | 3 4 |  4.3
Dodging        | 1 2 |  2.3
Shields        | 3 4 |  4.2
Fighting       | 4 |  4.5
Spellcasting   | 1 2 4 |  4.9
Polearms       | |  0.5
Stealth        | |  0.8

Action                   |  1- 3 |  4- 6 |  7- 9 || total
-------------------------+-------+-------+-------++-------
Melee: War axe           |   159 |   219 |   556 ||   934
       Trident           |       |     3 |       ||     3
  Use: Scroll            |       |       |    11 ||    11
Armor: Scale mail        |    67 |   102 |   293 ||   462
Dodge: Dodged            |    65 |    78 |   224 ||   367
Block: Shield            |    72 |    99 |   384 ||   555
